 Dungeon Crawl Stone Soup version 0.22.0-16-gc6d26f6 (webtiles) character file.

8381 Amnesiac the Frost Mage (level 11, -7/68 HPs)
             Began as a Mummy Ice Elementalist on Aug 17, 2018.
             Was an Elder of Vehumet.
             Mangled by a yak (14 damage)
             ... on level 10 of the Dungeon.
             The game lasted 00:19:49 (10903 turns).

Amnesiac the Frost Mage (Mummy Ice Elementalist)   Turns: 10903, Time: 00:19:50

Health: -7/68      AC:  7    Str: 16    XL:     11   Next: 9%
Magic:  0/24       EV: 11    Int: 24    God:    Vehumet [****..]
Gold:   442        SH:  5    Dex: 12    Spells: 16/28 levels left

rFire    + + .     SeeInvis .   a - +2 hunting sling (velocity)
rCold    + + .     Gourm    .   l - +0 buckler
rNeg     + + +     Faith    .   w - +1 ring mail {rF+}
rPois    ∞         Spirit   .   (no helmet)
rElec    .         Reflect  .   y - scarf {rC+ rF+}
rCorr    .         Harm     .   (no gloves)
MR       +....                  n - +0 pair of boots
Stlth    ++........             g - amulet of magic regeneration
HPRegen  0.21/turn              i - ring "Rats" {rF+ Str+3 Int+4}
MPRegen  0.44/turn              z - ring of Unaocil {rPois Int+3 Stlth+}

@: no status effects
A: no food or potions, fire vulnerability, cold resistance 1, negative energy
resistance 3, torment resistance, unbreathing
a: Renounce Religion


You were on level 10 of the Dungeon.
You worshipped Vehumet.
Vehumet was greatly pleased with you.
You were not hungry.

You visited 2 branches of the dungeon, and saw 11 of its levels.

You collected 442 gold pieces.

Inventory:

Hand Weapons
 a - a +2 hunting sling of velocity (weapon)
 b - a +0 long sword
 s - a +0 dagger of venom
Missiles
 f - 116 stones (quivered)
 p - 69 sling bullets
Armour
 c - a +0 shield
 l - a +0 buckler (worn)
 n - a +0 pair of boots (worn)
 w - a +1 ring mail of fire resistance (worn)
 y - a scarf of resistance (worn)
Jewellery
 g - an amulet of magic regeneration (around neck)
 i - the ring "Rats" (left hand) {rF+ Str+3 Int+4}
   (You found it on level 4 of the Dungeon)

   [ring of intelligence]

   It affects your strength (+3).
   It affects your intelligence (+4).
   It protects you from fire.
 j - an uncursed ring of protection from fire
 v - an uncursed ring of resist corrosion
 z - the ring of Unaocil (right hand) {rPois Int+3 Stlth+}
   (You found it on level 6 of the Dungeon)

   [ring of stealth]

   It affects your intelligence (+3).
   It protects you from poison.
   It makes you more stealthy.
 A - an uncursed ring of see invisible
 B - an uncursed ring of protection from fire
 C - an uncursed ring of poison resistance {unknown}
 D - an uncursed ring of protection from fire
Wands
 o - a wand of iceblast (9)
 r - a wand of paralysis (13)
Scrolls
 d - 2 scrolls of teleportation {!r}
 e - a scroll of enchant weapon {!r}
 h - 2 scrolls of enchant armour {!r}
 k - 2 scrolls of fear {!r}
 m - 6 scrolls of remove curse {!r}
 q - 3 scrolls of identify {!r}
 t - 2 scrolls of blinking {!r}
 u - a scroll of torment {!r}
 x - 2 scrolls of silence {!r}


   Skills:
 - Level 1.5 Dodging
 - Level 1.5 Stealth
 - Level 4.0 Shields
 + Level 9.0 Spellcasting
 * Level 9.1 Conjurations
 * Level 9.1 Ice Magic


You had 16 spell levels left.
You knew the following spells:

 Your Spells              Type           Power        Failure   Level  Hunger
a - Throw Icicle          Conj/Ice       ######..     1%          4    N/A
b - Summon Ice Beast      Ice/Summ       ####....     17%         4    N/A
c - Ozocubu's Armour      Chrm/Ice       ####....     5%          3    N/A
d - Freeze                Ice            ####         1%          1    N/A

Your spell library contained the following spells:

 Spells                   Type           Power        Failure   Level  Hunger
 Confuse                  Hex            ##......     32%         3    N/A
 Throw Frost              Conj/Ice       ######       1%          2    N/A
 Summon Small Mammal      Summ           ##..         11%         1    N/A
 Call Imp                 Summ           ##......     17%         2    N/A
 Spider Form              Tmut/Pois      ##........   32%         3    N/A
 Blade Hands              Tmut           ##........   97%         5    N/A
 Ice Form                 Ice/Tmut       ####....     17%         4    N/A
 Confusing Touch          Hex            ##....       11%         1    N/A
 Sticks to Snakes         Tmut           ##......     17%         2    N/A
 Call Canine Familiar     Summ           ##......     32%         3    N/A
 Metabolic Englaciation   Hex/Ice        ####......   43%         5    N/A
 Petrify                  Tmut/Erth      ##......     73%         4    N/A
 Beastly Appendage        Tmut           ##....       11%         1    N/A
 Summon Lightning Spire   Summ/Air       ##......     73%         4    N/A
 Summon Guardian Golem    Hex/Summ       ##......     32%         3    N/A
 Gell's Gravitas          Tloc           ##........   32%         3    N/A
 Yara's Violent Unravell  Hex/Tmut       ##........   58%         5    N/A

Dungeon Overview and Level Annotations

Branches:
Dungeon (10/15)            Temple (1/1) D:4            Lair (0/6) D:8
    Orc: D:9-12

Altars:
Ashenzari
Cheibriados
Dithmenos
Elyvilon
Fedhas
Gozag
Hepliaklqana
Kikubaaqudgha
Makhleb
Nemelex Xobeh
Okawaru
Qazlal
Ru
Sif Muna
Trog
Uskayaw
Vehumet
Wu Jian
Xom
Yredelemnul
Zin
The Shining One

Shops:
D:7 (


Innate Abilities, Weirdness & Mutations

You do not eat or drink.
Your flesh is vulnerable to fire.
You are immune to poison.
Your flesh is cold resistant. (rC+)
You are immune to negative energy. (rN+++)
You are immune to unholy pain and torment.
You can survive without breathing.


Message History

You shoot a stone.
The stone hits the yak but does no damage.
The yak is heavily wounded.
The yak gores you! The yak gores you but does no damage.
Casting: Freeze (safe; 1% risk of failure)
Confirm with . or Enter, or press ? or * to list all spells.
Aiming: Freeze (safe; 1% risk of failure)
Press: ? - help, Shift-Dir - straight line, f/p - yak
Aim: a yak (heavily wounded)
You freeze the yak.
The yak is heavily wounded.
The yak gores you!
* * * LOW HITPOINT WARNING * * *
Casting: Freeze (safe; 1% risk of failure)
Confirm with . or Enter, or press ? or * to list all spells.
Aiming: Freeze (safe; 1% risk of failure)
Press: ? - help, Shift-Dir - straight line, f/p - yak
Aim: a yak (heavily wounded)
You freeze the yak.
The yak is severely wounded.
You block the yak's attack.
Casting: Freeze (safe; 1% risk of failure)
Confirm with . or Enter, or press ? or * to list all spells.
You don't have enough magic to cast that spell.
Casting: Freeze (safe; 1% risk of failure)
Confirm with . or Enter, or press ? or * to list all spells.
You don't have enough magic to cast that spell.
Firing (i - inventory. (/) - cycle)
f - 117 stones (quivered)
Press: ? - help, Shift-Dir - straight line, f/p - yak
Aim: a yak (severely wounded)
You shoot a stone.
The stone hits the yak but does no damage.
The yak is severely wounded.
The yak gores you!
* * * LOW HITPOINT WARNING * * *
Casting: Freeze (safe; 1% risk of failure)
Confirm with . or Enter, or press ? or * to list all spells.
Aiming: Freeze (safe; 1% risk of failure)
Press: ? - help, Shift-Dir - straight line, f/p - yak
Aim: a yak (severely wounded)
You freeze the yak.
The yak is severely wounded.
The yak closely misses you.
Casting: Freeze (safe; 1% risk of failure)
Confirm with . or Enter, or press ? or * to list all spells.
You don't have enough magic to cast that spell.
Casting: Freeze (safe; 1% risk of failure)
Confirm with . or Enter, or press ? or * to list all spells.
Aiming: Freeze (safe; 1% risk of failure)
Press: ? - help, Shift-Dir - straight line, f/p - yak
Aim: a yak (severely wounded)
You freeze the yak.
The yak is severely wounded.
The yak gores you!
* * * LOW HITPOINT WARNING * * *
Casting: Freeze (safe; 1% risk of failure)
Confirm with . or Enter, or press ? or * to list all spells.
Aiming: Freeze (safe; 1% risk of failure)
Press: ? - help, Shift-Dir - straight line, f/p - yak
Aim: a yak (severely wounded)
You freeze the yak.
The yak is almost dead.
The yak gores you!
You die...

#.##........#......#
#.##.....#####'#.###
#.##.))..# #..#.#
#.##.)...#.Y#.p#.#
#.##...###.hY..#(#
#.##...# #.h#.%#(#
#.##.†.# #..#%%#h#
#.##...#########Y#
#.##...##..# #@#
#.##...##..# #.# #
#.##...##..# #.#####.#
#......##..# #.......#
#......##..# #.......#
#......)...#####.......#
#..#.......).)..)......#
#..#...................#
#..#...>...............#


You could see a yak and a hog.

Vanquished Creatures
  2 two-headed ogres (D:9)
  Joseph (D:8)
  The ghost of Nib the Archer, a novice CeHu of Okawaru (D:6)
  A komodo dragon (D:8)
  A troll (D:10)
  A hippogriff (D:8)
  Sigmund (D:3)
  A human (D:10)
  A yak (D:10)
  A wyvern (D:10)
  Eustachio (D:5)
  2 hungry ghosts
  A hog (D:10)
  Duvessa (D:5)
  2 water moccasins
  4 ice beasts
  An orc warrior (D:7)
  A necrophage (D:10)
  4 phantoms
  2 ogres (D:8)
  2 centaurs
  4 bullfrogs
  A wyvern zombie (D:6)
  A water moccasin zombie (D:5)
  A wyvern skeleton (D:7)
  Dowan (D:5)
  2 scorpions (D:6)
  9 killer bees
  4 wights (D:10)
  A howler monkey (D:4)
  A crimson imp (D:6)
  A bullfrog zombie (D:8)
  5 quasits (D:6)
  2 centaur zombies
  5 hounds
  2 bullfrog skeletons
  2 jellies (D:9)
  9 orc wizards
  3 orc priests
  A centaur skeleton (D:4)
  6 iguanas
  Ijyb (D:5)
  Terence (D:3)
  8 worker ants
  A hound zombie (D:9)
  A hound skeleton (D:5)
  A worker ant zombie (D:5)
  6 gnolls
  8 adders
  2 shadow imps
  An ooze (D:5)
  An adder zombie (D:6)
  An adder skeleton (D:7)
  4 worms
  2 dart slugs
  4 leopard geckos
  24 orcs
  4 bats
  4 giant cockroaches
  4 goblins
  10 hobgoblins
  8 jackals
  6 quokkas
  A ball python (D:5)
  4 frilled lizards
  7 kobolds
  A quokka zombie (D:6)
  6 rats
214 creatures vanquished.

Vanquished Creatures (collateral kills)
  A killer bee (D:10)
1 creature vanquished.

Vanquished Creatures (others)
  A plant (D:8)
1 creature vanquished.

Grand Total: 216 creatures vanquished

Notes
Turn   | Place    | Note
-------+----------+-------------------------------------------
     0 | D:1      | Amnesiac the Mummy Ice Elementalist began the quest for the Orb.
     0 | D:1      | Reached XP level 1. HP: 13/13 MP: 4/4
   203 | D:3      | Noticed Terence
   264 | D:3      | Reached XP level 2. HP: 19/19 MP: 2/5
   344 | D:3      | Killed Terence
   344 | D:3      | Reached XP level 3. HP: 7/24 MP: 0/7
   640 | D:4      | Reached XP level 4. HP: 20/30 MP: 3/9
  1005 | D:4      | Learned a level 4 spell: Throw Icicle
  1062 | D:4      | Reached XP level 5. HP: 19/35 MP: 6/11
  1538 | D:4      | Got a sparkling ivory ring
  1556 | D:4      | Found a staircase to the Ecumenical Temple.
  1566 | Temple   | Entered the Ecumenical Temple
  1607 | Temple   | Became a worshipper of Vehumet
  1621 | D:4      | Identified the ring "Rats" {rF+ Str+3 Int+4} (You found it on level 4 of the Dungeon)
  2203 | D:1      | Reached XP level 6. HP: 41/41 MP: 13/13
  2908 | D:2      | Reached skill level 5 in Spellcasting
  2908 | D:2      | Reached skill level 5 in Ice Magic
  3355 | D:2      | Reached * piety under Vehumet
  3355 | D:2      | Offered knowledge of Sandblast by Vehumet.
  3594 | D:3      | Noticed Sigmund
  3601 | D:3      | Killed Sigmund
  3601 | D:3      | Reached XP level 7. HP: 23/46 MP: 9/15
  3884 | D:3      | Found a shadowy altar of Dithmenos.
  3884 | D:3      | Found a faded altar of an unknown god.
  3889 | D:3      | Found an ornate altar of the Wu Jian Council.
  3892 | D:3      | Found an iron altar of Okawaru.
  3899 | D:3      | Found a sparkling altar of Nemelex Xobeh.
  4278 | D:5      | Entered Level 5 of the Dungeon
  4627 | D:5      | Got a distressingly furry ring mail
  4642 | D:5      | Identified the +4 ring mail "Awofiy" {rN+ Str+3} (You found it on level 5 of the Dungeon)
  4709 | D:5      | Reached skill level 1 in Conjurations
  4766 | D:5      | Noticed Ijyb
  4768 | D:5      | Paralysed by Ijyb for 5 turns
  4774 | D:5      | Killed Ijyb
  4787 | D:5      | Noticed Eustachio
  4794 | D:5      | Killed Eustachio
  4957 | D:5      | Noticed Dowan
  4981 | D:5      | Killed Dowan
  4981 | D:5      | Reached XP level 8. HP: 52/52 MP: 2/17
  5050 | D:5      | Noticed Duvessa
  5414 | D:6      | Offered knowledge of Throw Flame by Vehumet.
  5474 | D:6      | Reached skill level 5 in Conjurations
  5745 | D:6      | Found a transporter.
  5749 | D:6      | Noticed Nib's ghost (novice CeHu)
  5778 | D:6      | Reached ** piety under Vehumet
  6062 | D:5      | Killed Duvessa
  6632 | D:6      | Found a transporter.
  6773 | D:6      | Got a slimy ivory ring
  6790 | D:6      | Identified the ring of Unaocil {rPois Int+3 Stlth+} (You found it on level 6 of the Dungeon)
  7161 | D:7      | Reached XP level 9. HP: 55/57 MP: 1/18
  7197 | D:7      | Found Xoyl's Weapon Shoppe.
  7298 | D:7      | Offered knowledge of Searing Ray by Vehumet.
  7338 | D:7      | Reached *** piety under Vehumet
  7837 | D:6      | Killed Nib's ghost
  8043 | D:8      | Found a staircase to the Lair.
  8045 | D:8      | Noticed a komodo dragon
  8074 | D:8      | Offered knowledge of Fulminant Prism by Vehumet.
  8370 | D:8      | Killed a komodo dragon
  8387 | D:8      | Reached XP level 10. HP: 63/63 MP: 1/21
  8800 | D:8      | Learned a level 1 spell: Freeze
  8804 | D:8      | Learned a level 3 spell: Ozocubu's Armour
  8809 | D:8      | Learned a level 4 spell: Summon Ice Beast
  9207 | D:8      | Noticed Joseph
  9210 | D:8      | Found a hazy altar of Hepliaklqana.
  9212 | D:8      | Found a burning altar of Makhleb.
  9217 | D:8      | Killed Joseph
  9243 | D:8      | Found a glowing golden altar of the Shining One.
  9583 | D:9      | Noticed a two-headed ogre
  9587 | D:9      | Killed a two-headed ogre
  9681 | D:9      | Reached **** piety under Vehumet
  9879 | D:9      | Noticed a two-headed ogre
  9883 | D:9      | Killed a two-headed ogre
  9990 | D:9      | Offered knowledge of Stone Arrow by Vehumet.
 10074 | D:9      | Found a shimmering altar of Xom.
 10461 | D:10     | Entered Level 10 of the Dungeon
 10747 | D:10     | Reached XP level 11. HP: 48/68 MP: 4/23
 10903 | D:10     | Mangled by a yak

Skill      XL: |  1  2  3  4  5  6  7  8  9 10 11 |
---------------+----------------------------------+-----
Spellcasting   | 3 4 5 6 7 8 9 |  9.0
Ice Magic      | 3 4 5 6 7 9 |  9.1
Conjurations   | 3 6 7 8 9 |  9.1
Shields        | 4 |  4.0
Dodging        | |  1.5
Stealth        | |  1.5

Action                   |  1- 3 |  4- 6 |  7- 9 | 10-12 || total
-------------------------+-------+-------+-------+-------++-------
Melee: Long sword        |     1 |       |       |       ||     1
 Fire: Hunting sling     |    21 |   125 |   215 |    41 ||   402
 Cast: Freeze            |    25 |    57 |   111 |    19 ||   212
       Throw Icicle      |       |       |   125 |   105 ||   230
       Summon Ice Beast  |       |       |       |     1 ||     1
  Use: Scroll            |       |       |    16 |       ||    16
 Stab: Sleeping          |     1 |       |       |       ||     1
Armor: Robe              |     3 |     6 |     2 |       ||    11
       Ring mail         |       |       |   229 |    23 ||   252
Dodge: Dodged            |    10 |    46 |   240 |    49 ||   345
Block: Buckler           |       |       |     3 |    24 ||    27
